 Dungeon Crawl Stone Soup version 0.23.2-40-g277498a001 (webtiles) character file.

Game seed: 4780049066767930774

8185 FishyPogo the Fighter (level 11, -9/71 HPs)
             Began as a Tengu Berserker on Sept 7, 2019.
             Was a High Priest of Trog.
             Mangled by a komodo dragon (26 damage)
             ... on level 1 of the Lair of Beasts.
             The game lasted 00:54:20 (10223 turns).

FishyPogo the Fighter (Tengu Berserker)            Turns: 10223, Time: 00:54:50

Health: -9/71      AC:  6    Str: 21    XL:     11   Next: 26%
Magic:  14/14      EV: 14    Int:  9    God:    Trog [*****.]
Gold:   547        SH:  4    Dex: 18    Spells: 10/10 levels left

rFire    + . .     SeeInvis .   a - +5 flail (holy)
rCold    + . .     Gourm    .   t - +0 buckler
rNeg     . . .     Faith    .   r - +1 robe "Mafesaw" {rPois rF+ rC+}
rPois    +         Spirit   .   (helmet restricted)
rElec    .         Reflect  .   I - +0 cloak
rCorr    .         Harm     .   (no gloves)
MR       .....                  (boots unavailable)
Stlth    ++........             C - amulet of the acrobat
HPRegen  0.21/turn              k - +2 ring of dexterity
MPRegen  0.14/turn              G - +2 ring of intelligence

@: flying quickly and evasively, extremely drained, quick
A: beak, talons 3, slimy green scales 1, strong 1, able to fly
a: Stop Flying, Berserk, Trog's Hand, Brothers in Arms, Renounce Religion


You were on level 1 of the Lair of Beasts.
You worshipped Trog.
Trog was extremely pleased with you.
You were not hungry.

You visited 2 branches of the dungeon, and saw 11 of its levels.

You collected 587 gold pieces.
You spent 40 gold pieces at shops.

Inventory:

Hand Weapons
 a - a +5 flail of holy wrath (weapon)
 b - a +2 hunting sling of flaming
 j - a +0 fustibalus
 A - a +0 falchion
Missiles
 e - 399 stones (quivered)
 y - 11 sling bullets
 K - 2 throwing nets
Armour
 r - the +1 robe "Mafesaw" (worn) {rPois rF+ rC+}
   (You found it on level 4 of the Dungeon)

   It protects you from fire.
   It protects you from cold.
   It protects you from poison.
 t - a +0 buckler (worn)
 E - a +1 ring mail of fire resistance
 I - a +0 cloak (worn)
Jewellery
 k - a +2 ring of dexterity (left hand)
 C - an amulet of the acrobat (around neck)
 G - a +2 ring of intelligence (right hand)
Wands
 v - a wand of polymorph (8)
 H - a wand of digging (6)
Scrolls
 d - a scroll of magic mapping {unknown}
 f - 7 scrolls of teleportation
 g - 8 scrolls of identify
 h - 3 scrolls of enchant armour {unknown}
 m - a scroll of remove curse
 o - a scroll of fear {unknown}
 q - 2 scrolls of enchant weapon {unknown}
 s - 2 scrolls of noise {unknown}
 u - 4 scrolls of amnesia {unknown}
 x - a scroll of random uselessness {unknown}
 F - a scroll of blinking {unknown}
 P - a scroll of acquirement {unknown}
Potions
 l - 3 potions of curing
 n - 2 potions of lignification
 z - a potion of invisibility
 D - a potion of ambrosia
 L - 2 potions of might
 M - a potion of magic
 N - a potion of brilliance
 O - 2 potions of resistance
 T - a potion of cancellation {unknown}
Miscellaneous
 S - a lamp of fire
Comestibles
 c - 22 rations


   Skills:
 * Level 9.1(2.6) Fighting
 - Level 5.7(0.0) Long Blades
 + Level 3.5(0.0) Maces & Flails
 - Level 4.1(0.0) Slings
 - Level 4.3(0.0) Throwing
 + Level 7.1(0.9) Armour
 + Level 7.8(1.6) Dodging
 - Level 6.0(0.1) Stealth
 - Level 4.1(0.0) Shields
 * Level 3.7(0.0) Evocations


You had 10 spell levels left.
You didn't know any spells.
Your spell library contained the following spells:

 Spells                   Type           Power        Failure   Level  Hunger
 Sandblast                Erth           #.....       56%         1    ##.....
 Passwall                 Tmut/Erth      #.......     71%         2    ###....
 Stone Arrow              Conj/Erth      #.....       90%         3    ####...
 Petrify                  Tmut/Erth      #.......     100%        4    #####..
 Bolt of Magma            Conj/Fire/Erth #.........   100%        5    ######.
 Iskenderun's Battlesphe  Conj/Chrm      #.......     100%        5    ######.
 Lee's Rapid Deconstruct  Erth           #.........   100%        5    ######.
 Venom Bolt               Conj/Pois      #.........   100%        5    ######.
 Iron Shot                Conj/Erth      #.........   100%        6    #######
 Orb of Destruction       Conj           #.........   100%        7    #######
 Spellforged Servitor     Conj/Summ      #.........   100%        7    #######


Dungeon Overview and Level Annotations

Branches:
Dungeon (10/15)            Temple (0/1) D:7            Lair (1/6) D:8
    Orc: D:9-12

Altars:
Ashenzari
Cheibriados
Dithmenos
Fedhas
Hepliaklqana
Makhleb
Nemelex Xobeh
Okawaru
Sif Muna
Trog
Uskayaw
Wu Jian
Yredelemnul
Zin
The Shining One

Shops:
D:5 !   D:7 (   D:8 [

Annotations:
D:8 1 runed translucent door, terix's ghost, novice NaVM
D:10 Sonja


Innate Abilities, Weirdness & Mutations

You have a beak for a mouth.
You have claws for feet.
You can fly continuously.
You are partially covered in slimy green scales. (AC +2)
Your muscles are strong. (Str +2)


Message History

Throwing (i - inventory. (/) - cycle)
e - 400 stones (quivered)
Press: ? - help, Shift-Dir - straight line, f/p - komodo dragon
Aim: a komodo dragon You throw a stone.
The stone hits the komodo dragon but does no damage.
You hit the komodo dragon.
You peck the komodo dragon, but do no damage.
The komodo dragon is lightly wounded.
The komodo dragon barely misses you.
You thump the komodo dragon!
You claw the komodo dragon, but do no damage.
The komodo dragon is moderately wounded.
The komodo dragon bites you!!
You sock the komodo dragon! Your kick misses the komodo dragon.
You peck the komodo dragon, but do no damage.
The komodo dragon is heavily wounded.
The komodo dragon bites you!!
* * * LOW HITPOINT WARNING * * *
The komodo dragon bites you!!
You die...

.... # .+ ..... #(# ....##..#
..#..(^ ....( ... ##'## #.Fl# .##
#.#@# ## ##..# ######'####### ##.
.#PP## ##............# ##+##..
.....# #............## #....#.
.....# ##...........#####....+.
.....# ###...........#..รท+.....#
.....####.............'.##.....##
.....+....#...........#.###....#
......####....>.......### ###+.#


You could see a komodo dragon and a bullfrog.

Vanquished Creatures
  A komodo dragon (Lair:1)
  A troll (D:9)
  Prince Ribbit (D:7)
  2 hippogriffs
  12 yaks
  Sigmund (D:6)
  Grum (D:9)
  Edmund (D:6)
  Menkaure (D:5)
  3 porcupines
  5 sky beasts
  2 black bears (D:8)
  2 orc warriors
  3 ogres
  2 phantoms
  4 wolves
  6 centaurs
  A crocodile (Lair:1)
  8 bullfrogs
  4 scorpions
  3 wights (D:6)
  2 howler monkeys (D:9)
  A centaur zombie (D:6)
  5 jellies
  A quasit (D:7)
  5 crimson imps
  6 orc priests
  8 hounds
  A gnoll shaman (D:8)
  9 orc wizards
  A centaur skeleton (D:6)
  Jessica (D:2)
  2 iguanas
  4 worker ants
  A killer bee zombie (D:7)
  10 adders
  6 gnolls
  2 shadow imps (D:6)
  An adder skeleton (D:5)
  4 worms
  3 dart slugs
  6 leopard geckos
  26 orcs
  3 giant cockroaches
  4 goblins
  6 hobgoblins
  5 jackals
  9 kobolds
  3 quokkas
  A ball python (D:5)
  6 bats
  2 frilled lizards
  A leopard gecko skeleton (D:4)
  14 rats
  A butterfly (D:7)
224 creatures vanquished.

Notes
Turn   | Place    | Note
-------+----------+-------------------------------------------
     0 | D:1      | FishyPogo the Tengu Berserker began the quest for the Orb.
     0 | D:1      | Reached XP level 1. HP: 14/14 MP: 2/2
    78 | D:1      | Gained mutation: Your muscles are strong. (Str +2) [potion
                  | of mutation]
    78 | D:1      | Gained mutation: You are partially covered in slimy green
                  | scales. (AC +2) [potion of mutation]
    95 | D:1      | Reached XP level 2. HP: 6/19 MP: 3/3
   602 | D:1      | Reached XP level 3. HP: 23/23 MP: 4/4
   830 | D:2      | Reached ** piety under Trog
   893 | D:2      | Found a deep blue altar of Sif Muna.
   920 | D:2      | Noticed Jessica
   955 | D:2      | Killed Jessica
   955 | D:2      | Reached skill level 1 in Stealth
   955 | D:2      | Reached XP level 4. HP: 28/28 MP: 5/5
  1004 | D:2      | Found a shadowy altar of Dithmenos.
  1006 | D:2      | Found a sparkling altar of Nemelex Xobeh.
  1422 | D:2      | Found an ornate altar of the Wu Jian Council.
  1615 | D:3      | Reached skill level 1 in Throwing
  1615 | D:3      | Gained mutation: You can fly continuously. [Tengu growth]
  1615 | D:3      | Reached XP level 5. HP: 15/32 MP: 6/6
  1649 | D:3      | Found an iron altar of Okawaru.
  2831 | D:4      | Reached XP level 6. HP: 38/38 MP: 7/7
  2853 | D:4      | Reached skill level 1 in Shields
  2901 | D:4      | Noticed a phantom
  2916 | D:4      | Killed a phantom
  2916 | D:4      | Reached skill level 5 in Long Blades
  2951 | D:4      | Got a heavy robe
  2962 | D:4      | Identified the +1 robe "Mafesaw" {rPois rF+ rC+} (You found
                  | it on level 4 of the Dungeon)
  3096 | D:4      | Reached skill level 4 in Fighting
  3105 | D:4      | Reached *** piety under Trog
  3146 | D:4      | Reached XP level 7. HP: 31/43 MP: 8/8
  3511 | D:5      | Entered Level 5 of the Dungeon
  3511 | D:5      | Found Kaveteh's Distillery.
  3711 | D:5      | Found a glowing golden altar of the Shining One.
  3892 | D:5      | Found a basalt altar of Yredelemnul.
  3901 | D:5      | Bought a potion of might for 40 gold pieces
  3937 | D:5      | Reached XP level 8. HP: 43/48 MP: 9/9
  3965 | D:5      | Noticed Menkaure
  4351 | D:5      | Killed Menkaure
  4543 | D:5      | Reached skill level 5 in Dodging
  4894 | D:6      | Noticed Edmund
  4909 | D:6      | Killed Edmund
  4936 | D:6      | Noticed Sigmund
  4943 | D:6      | Killed Sigmund
  4943 | D:6      | Reached skill level 5 in Fighting
  5054 | D:6      | Found a blossoming altar of Fedhas.
  5196 | D:6      | Found a hide-covered altar of Uskayaw.
  5204 | D:6      | Reached skill level 1 in Slings
  5213 | D:6      | Reached XP level 9. HP: 51/54 MP: 10/10
  5337 | D:6      | Reached **** piety under Trog
  5914 | D:7      | Found a staircase to the Ecumenical Temple.
  5918 | D:7      | Noticed Prince Ribbit
  5968 | D:7      | Received a gift from Trog
  5969 | D:7      | Found a glowing silver altar of Zin.
  6038 | D:7      | Reached skill level 6 in Fighting
  6081 | D:7      | Found Voted's Antique Weapon Boutique.
  6108 | D:7      | Found a bloodstained altar of Trog.
  6129 | D:7      | Reached skill level 5 in Armour
  6131 | D:7      | Reached skill level 5 in Stealth
  6289 | D:7      | Killed Prince Ribbit
  6289 | D:7      | Reached XP level 10. HP: 26/61 MP: 11/11
  6300 | D:7      | Found a shattered altar of Ashenzari.
  6487 | D:7      | Reached skill level 7 in Fighting
  6508 | D:7      | Found a snail-covered altar of Cheibriados.
  6936 | D:8      | Found Ciotadis's Armour Shoppe.
  7406 | D:8      | Reached ***** piety under Trog
  7512 | D:8      | Found a runed translucent door.
  7514 | D:8      | Noticed terix's ghost (novice NaVM)
  7517 | D:8      | Noticed a red ugly thing
  7582 | D:8      | Found a staircase to the Lair.
  7589 | D:8      | Reached skill level 1 in Maces & Flails
  7803 | D:9      | Found a hazy altar of Hepliaklqana.
  7862 | D:9      | Reached skill level 8 in Fighting
  8108 | D:9      | Noticed Grum
  8124 | D:8      | Reached skill level 1 in Evocations
  8130 | D:9      | Killed Grum
  8376 | D:9      | Reached XP level 11. HP: 56/69 MP: 13/13
  8548 | D:9      | Found a burning altar of Makhleb.
  8847 | D:10     | Entered Level 10 of the Dungeon
  9108 | D:10     | Noticed Sonja
  9123 | D:10     | HP: 2/69 [Sonja/+2 short sword of draining (2)]
  9237 | Lair:1   | Entered Level 1 of the Lair of Beasts
  9313 | Lair:1   | HP: 3/69 [crocodile (12)]
  9654 | Lair:1   | Received a gift from Trog
  9714 | Lair:1   | Reached skill level 9 in Fighting
 10223 | Lair:1   | Mangled by a komodo dragon

Skill      XL: |  1  2  3  4  5  6  7  8  9 10 11 |
---------------+----------------------------------+-----
Long Blades    | 4 5 |  5.7
Dodging        | 3 4 5 6 7 |  7.8
Stealth        | 1 2 3 4 5 6 |  6.0
Throwing       | 1 2 3 4 |  4.3
Shields        | 1 3 4 |  4.1
Fighting       | 4 5 6 8 9 |  9.1
Slings         | 1 3 4 |  4.1
Armour         | 3 5 6 7 |  7.1
Maces & Flails | 2 3 |  3.5
Evocations     | 2 3 |  3.7

Action                   |  1- 3 |  4- 6 |  7- 9 | 10-12 || total
-------------------------+-------+-------+-------+-------++-------
Melee: Falchion          |    34 |    40 |    83 |       ||   157
       Kick              |    10 |    46 |    78 |    85 ||   219
       Peck              |     4 |    25 |    43 |    54 ||   126
       Dagger            |    22 |    76 |       |       ||    98
       Flail             |       |       |   107 |   216 ||   323
 Fire: Fustibalus        |       |       |     7 |       ||     7
Throw: Stone             |     8 |    42 |    82 |    91 ||   223
       Throwing net      |       |       |       |     1 ||     1
Invok: Berserk           |     2 |     3 |     8 |     5 ||    18
       Trog's Hand       |       |     1 |     3 |     1 ||     5
 Abil: Fly               |       |       |     1 |       ||     1
  Use: Potion            |     1 |     3 |     3 |     7 ||    14
       Scroll            |       |     5 |     6 |     4 ||    15
 Stab: Sleeping          |     1 |     7 |     2 |    14 ||    24
  Eat: Chunk             |     1 |    11 |    19 |    17 ||    48
Armor: Animal skin       |    11 |    16 |       |       ||    27
       Robe              |       |     1 |    23 |    49 ||    73
Dodge: Dodged            |    36 |    55 |   136 |   189 ||   416
Block: Buckler           |       |     7 |    38 |    71 ||   116
       Rpst.: Falchion   |     6 |     4 |    10 |       ||    20
